 Dungeon Crawl Stone Soup version 0.30-a0-772-g5528072125 (webtiles) character file.

Game seed: 8580062197535533860

82 cowhearter the Insei (level 4, 0/35 HPs)
             Began as a Demonspawn Monk on Feb 13, 2023.
             Slain by an adder (2 damage)
             ... on level 3 of the Dungeon.
             The game lasted 00:07:19 (2485 turns).

cowhearter the Insei (Demonspawn Monk)              Turns: 2485, Time: 00:07:19

Health: 0/35       AC:  2    Str: 14    XL:     4   Next: 21%
Magic:  4/4        EV: 13    Int: 11    God:
Gold:   116        SH:  0    Dex: 15    Spells: 3/3 levels left

rFire   + . .      SeeInvis .      - Unarmed
rCold   + . .      Faith    .    (no shield)
rNeg    . . .      Spirit   .    a - +0 robe
rPois   .          Reflect  .    (no helmet)
rElec   .          Harm     .    (no cloak)
rCorr   .          Rampage  .    (no gloves)
Will    .....                    (no boots)
Stlth   ++                       (no amulet)
HPRegen 0.25/turn                c - ring of protection from fire
MPRegen 0.09/turn                k - ring of protection from cold

@: lethally poisoned (0 -> -3)
A: demonic guardian 1
a: no special abilities


You were on level 3 of the Dungeon.
You visited 1 branch of the dungeon, and saw 3 of its levels.

You collected 116 gold pieces.

Inventory:

Armour
 a - a +0 robe (worn)
Jewellery
 c - a ring of protection from fire (left hand)
 k - a ring of protection from cold (right hand)
Scrolls
 d - a scroll of enchant armour {unknown}
 e - 2 scrolls of identify {unknown}
 f - a scroll of poison {unknown}
 g - 3 scrolls of enchant weapon {unknown}
 i - a scroll of magic mapping {unknown}
 j - a scroll of fog {unknown}
Potions
 h - a potion of curing {unknown}


   Skills:
 + Level 3.4 Fighting
 + Level 3.2 Dodging
 + Level 2.0 Stealth
 * Level 3.9 Unarmed Combat


You had 3 spell levels left.
You didn't know any spells.
Your spell library was empty.

Dungeon Overview and Level Annotations

Branches:
Dungeon (3/15)

Altars:


Innate Abilities, Weirdness & Mutations

A weak demonic guardian rushes to your aid.


Message History

The endoplasm freezes you.
You are frozen.
You resist.
* * * LOW HITPOINT WARNING * * *
The adder bites you.
* * * LOW HITPOINT WARNING * * *
Your ufetubus closely misses the adder.
Your ufetubus hits the adder. The adder bites you.
* * * LOW HITPOINT WARNING * * *
You closely miss the adder. Your punch misses the adder.
You feel sick. The adder barely misses you.
Your ufetubus hits the adder.
Your ufetubus closely misses the adder.
The endoplasm hits you.
* * * LOW HITPOINT WARNING * * *
The adder bites you.
* * * LOW HITPOINT WARNING * * *
You are lethally poisoned!
The adder poisons you! The adder barely misses you.
Your ufetubus barely misses the adder.
Your ufetubus closely misses the adder.
You miss the adder.
* * * LOW HITPOINT WARNING * * *
You feel sick. The endoplasm freezes you.
You are frozen.
You resist.
* * * LOW HITPOINT WARNING * * *
The adder misses you.
Your ufetubus hits the adder.
Your ufetubus barely misses the adder.
The adder misses your ufetubus.
You bump into the rock wall.
You feel less invigorated.
You feel less confused.
* * * LOW HITPOINT WARNING * * *
You feel sick.
Your ufetubus barely misses the adder.
Your ufetubus closely misses the adder.
The adder barely misses you. The endoplasm closely misses you.
The adder misses your ufetubus.
You barely miss the adder.
* * * LOW HITPOINT WARNING * * *
You feel sick.
Your ufetubus barely misses the adder.
Your ufetubus misses the adder. The adder completely misses you.
The adder bites your ufetubus. The endoplasm hits you.
* * * LOW HITPOINT WARNING * * *
Your ufetubus barely misses the adder.
Your ufetubus closely misses the adder.
The adder bites you.
You die...

.....wg#.#.###...
.....BS)#.#......
.S.....#.#.##....
..w...####..#.... ...... #..#....
###### ##################[...
......##.#..#.5...........)..
#..........SS............... ##
#........##@JK..............
..####........###...........##...
.....## #................#.####..
.......##...........###....##....
.....#..............# #..###.....
.....##............## #++# ##....
.....##..#........## ##...
........##.......## ##..
.....##.##......## ##.


You could see 2 adders, an endoplasm, a kobold and a friendly ufetubus
(summoned).

Vanquished Creatures
  An adder (D:2)
  2 dart slugs
  10 bats
  5 endoplasms
  A giant cockroach (D:1)
  9 goblins
  4 hobgoblins
  4 jackals (D:1)
  4 kobolds
  3 quokkas
  4 ball pythons
  A frilled lizard (D:1)
  5 rats
53 creatures vanquished.

Vanquished Creatures (collateral kills)
  An adder (D:2)
  A rat (D:2)
2 creatures vanquished.

Vanquished Creatures (others)
  A plant (D:1)
1 creature vanquished.

Grand Total: 56 creatures vanquished

Notes
Turn   | Place    | Note
-------+----------+-------------------------------------------
     0 | D:1      | cowhearter the Demonspawn Monk began the quest for the Orb.
     0 | D:1      | Reached XP level 1. HP: 18/18 MP: 1/1
   210 | D:1      | Gained mutation: A weak demonic guardian rushes to your
                  | aid. [demonic ancestry]
   210 | D:1      | Reached XP level 2. HP: 20/24 MP: 2/2
   235 | D:1      | Found a faded altar of an unknown god.
   718 | D:1      | Reached XP level 3. HP: 29/29 MP: 3/3
  1747 | D:2      | Reached XP level 4. HP: 31/35 MP: 4/4
  2479 | D:3      | HP: 1/35 [adder (1)]
  2485 | D:3      | Slain by an adder

Illustrated notes

Levels and vault maps discovered:
D:1:      tarquinn_simple_flora_water_b, layout_loops_corners,
          shapermc_ecumenical_altar_gd
D:2:      layout_basic
D:3:      kennysheep_big_flooded_room, layout_rooms, minmay_misc_feat_five,
          wad_rectangle_vault

Skill      XL: |  1  2  3 |
---------------+----------+-----
Unarmed Combat | 3 |  3.9
Dodging        | 3 |  3.2
Stealth        | 2 |  2.0
Fighting       | |  3.4

Action                     |  1- 3 |  4- 6 || total
---------------------------+-------+-------++-------
  Melee: Unarmed           |   161 |    46 ||   207
         Punch             |     3 |     1 ||     4
    Use: Potion            |       |     1 ||     1
   Stab: Sleeping          |     4 |     2 ||     6
 Armour: Robe              |    36 |    12 ||    48
  Dodge: Dodged            |   143 |    45 ||   188

Table legend: (Time is in decaauts)
 A = Elapsed time spent in this place.
 B = Non-inter-level travel time spent in this place.
 C = Inter-level travel time spent in this place.
 D = Time resting spent in this place.
 E = Time spent auto-exploring this place.
 F = Levels seen in this place.
 G = Mean time per level.
                   A        B        C        D        E       F      G
               +--------+--------+--------+--------+--------+-----+--------+
         Total |   2471 |   2356 |    115 |    417 |   1403 |   3 |  823.7 |
       Dungeon |   2471 |   2356 |    115 |    417 |   1403 |   3 |  823.7 |
               +--------+--------+--------+--------+--------+-----+--------+

Top non-repeatable levels by time:
     D:1: 1237 daAuts
     D:2: 999 daAuts
     D:3: 234 daAuts
